 Dungeon Crawl Stone Soup version 0.30-a0-347-gf58ed5266c (webtiles) character file.

Game seed: 11180242817956592524

31243 b0ghi the Warrior (level 13, -16/128 HPs)
             Began as a Minotaur Fighter on Nov 6, 2022.
             Was the Champion of Okawaru.
             Killed from afar by a hellephant (42 damage)
             ... with a blast of flame
             ... on level 13 of the Dungeon.
             The game lasted 00:37:28 (14537 turns).

b0ghi the Warrior (Minotaur Fighter)               Turns: 14537, Time: 00:37:29

Health: -16/128    AC: 21    Str: 28    XL:     13   Next: 24%
Magic:  0/21       EV:  8    Int:  7    God:    Okawaru [******]
Gold:   183        SH:  7    Dex: 12    Spells: 12/12 levels left

rFire   . . .      SeeInvis .    m - +1 demon whip (venom)
rCold   . . .      Faith    .    c - +0 buckler
rNeg    . . .      Spirit   +    K - +8 chain mail of a Hundred Ziggurats {MP+9 Str+4 Int+2}
rPois   .          Reflect  .    (helmet restricted)
rElec   .          Harm     .    h - +0 cloak
rCorr   .          Rampage  .    (no gloves)
Will    .....                    (no boots)
Stlth   ..........               r - amulet of guardian spirit
HPRegen 0.41/turn                (no ring)
MPRegen 0.17/turn                (no ring)

@: no status effects
A: horns 2, retaliatory headbutt
a: Renounce Religion, Heroism, Finesse, Duel


You were on level 13 of the Dungeon.
You worshipped Okawaru.
Okawaru was exalted by your worship.
You visited 2 branches of the dungeon, and saw 14 of its levels.
You visited 1 bazaar.

You collected 930 gold pieces.
You spent 747 gold pieces at shops.

Inventory:

Hand Weapons
 m - a +1 demon whip of venom (weapon)
 G - a +0 arbalest
Missiles
 f - a silver javelin
 v - a throwing net (quivered)
Armour
 c - a +0 buckler (worn)
 h - a +0 cloak (worn)
 w - the +3 chain mail of Tempters {*Slow rC+ Str+5}
   (Okawaru gifted it to you on level 10 of the Dungeon)

   Str:       It affects your strength (+5).
   rC:        It protects you from cold.
   *Slow:     It may slow you when you take damage.
 E - +0 swamp dragon scales
 K - the +8 chain mail of a Hundred Ziggurats (worn) {MP+9 Str+4 Int+2}
   (You bought it in a shop in a bazaar)

   Str:       It affects your strength (+4).
   Int:       It affects your intelligence (+2).
   MP:        It affects your magic capacity (+9).
 L - the +1 ring mail of Generosity {rC++}
   (Okawaru gifted it to you on level 12 of the Dungeon)

   rC:        It greatly protects you from cold.
Jewellery
 r - an amulet of guardian spirit (around neck)
 s - a ring of magical power
 N - an amulet of regeneration
 O - a +6 ring of dexterity
Wands
 o - a wand of quicksilver (1)
 x - a wand of mindburst (11)
 D - a wand of digging (3)
Scrolls
 e - 2 scrolls of vulnerability {unknown}
 g - 8 scrolls of teleportation
 j - 3 scrolls of acquirement {unknown}
 k - 6 scrolls of poison
 q - a scroll of fear {unknown}
 u - 2 scrolls of amnesia {unknown}
 y - 2 scrolls of magic mapping {unknown}
 z - 2 scrolls of immolation {unknown}
 A - 2 scrolls of brand weapon {unknown}
 I - a scroll of enchant armour {unknown}
Potions
 a - a potion of invisibility {unknown}
 b - 2 potions of berserk rage
 d - 2 potions of might
 i - 4 potions of lignification
 l - 2 potions of flight
 n - 2 potions of haste
 p - 2 potions of brilliance {unknown}
 t - a potion of curing
 B - a potion of ambrosia {unknown}
 C - a potion of cancellation {unknown}
 F - 3 potions of magic
 J - 2 potions of mutation


   Skills:
 * Level 16.0 Fighting
 * Level 15.8 Maces & Flails
 + Level 11.8 Armour
 + Level 11.7 Shields


You had 12 spell levels left.
You didn't know any spells.
Your spell library contained the following spells:

 Spells                   Type           Power      Damage    Failure   Level
 Apportation              Tloc           0%         N/A       91%         1
 Necrotise                Necr           0%         1d4       91%         1
 Blink                    Tloc           0%         N/A       97%         2
 Momentum Strike          Conj/Tloc      0%         3d8       97%         2
 Scorch                   Fire           0%         2d5       97%         2
 Static Discharge         Conj/Air       0%         2-2/arc   97%         2
 Lesser Beckoning         Tloc           0%         N/A       100%        3
 Portal Projectile        Hex/Tloc       0%         N/A       100%        3
 Vhi's Electric Charge    Tloc/Air       0%         N/A       100%        3
 Flame Wave               Conj/Fire      0%         2d4       100%        4
 Leda's Liquefaction      Hex/Erth       0%         N/A       100%        4
 Arcjolt                  Conj/Air       0%         1d10      100%        5
 Blade Hands              Tmut           0%         N/A       100%        5
 Irradiate                Conj/Tmut      0%         3d11      100%        5
 Lightning Bolt           Conj/Air       0%         1d11      100%        5
 Dragon Form              Tmut           0%         N/A       100%        7
 Summon Small Mammal      Summ           Unusable   N/A       N/A         1
 Call Canine Familiar     Summ           Unusable   N/A       N/A         3
 Summon Cactus Giant      Summ           Unusable   N/A       N/A         6

Dungeon Overview and Level Annotations

Branches:
Dungeon (13/15)            Temple (1/1) D:6            Lair (0/5) D:8
    Orc (0/2) D:12
 Vaults: D:13-14

Altars:
Ashenzari
Cheibriados
Dithmenos
Elyvilon
Fedhas
Gozag
Hepliaklqana
Kikubaaqudgha
Makhleb
Nemelex Xobeh
Okawaru
Qazlal
Ru
Sif Muna
Trog
Uskayaw
Vehumet
Wu Jian
Xom
Yredelemnul
Zin
The Shining One

Shops:
D:1 !   D:2 !


Innate Abilities, Weirdness & Mutations

You have a pair of horns on your head.
You reflexively headbutt those who attack you in melee.


Message History

You whack the hell hog!
The hell hog is heavily wounded.
You whack the hell hog!
The hell hog looks as sick as possible!
The hell hog is severely wounded.
The hell hog bites you.
* * * LOW HITPOINT WARNING * * *
You feel better.
The hell hog bites you but does no damage.
You closely miss the hell hog.
The hell hog is severely wounded.
You block the hell hog's attack.
You hit the hell hog.
The hell hog looks as sick as possible!
You headbutt the hell hog.
You kill the hell hog!
Okawaru accepts your kill.
You start resting.
A hellephant is nearby!
You start resting.
The hell hound bites you but does no damage.
You hit the hell hound. You headbutt the hell hound.
The hell hound is moderately wounded.
You closely miss the hell hound.
The hell hound is moderately wounded.
The hell hound bites you but does no damage.
You whack the hell hound!
The hell hound looks as sick as possible!
The hell hound is severely wounded.
You block the hell hound's attack.
The hell hound bites you but does no damage.
The hell hound attacks as you move away!
The hell hound bites you but does no damage.
The hell hound breathes flames at you. The blast of flame hits you!
* * * LOW HITPOINT WARNING * * *
You kill the hell hound!
Okawaru accepts your kill. The hellephant breathes flames at you.
The blast of flame hits the hell hound.
The hell hound completely resists.
The blast of flame hits you!!!
You die...

..# #..'++++++'''..# #. ###
#..''''''''''..# ## ##
#..............## # .#
#...............######## .#
####.###†##†###.......... .#
#........Y(..##..........
.########>...........##..........
.......##.......h....##..........
.#####.##.......@....##..........
.# #..#............##..........
.# ##.#............#.).........
## #.'............>...........
###.............#..........
#.....<......##..........
#####'#############'##### #....#
#....# ####'######## ####.##


You could see a hellephant (catching breath) and a hell hound (catching breath).

Vanquished Creatures
  A hydra (D:10)
  8 two-headed ogres
  3 centaur warriors
  2 boulder beetles
  3 hell hogs (D:13)
  The ghost of Engwar the Ruffian, a novice TrFi of Wu Jian (D:7)
  Amaemon (D:8)
  A fire crab (D:9)
  An orc knight (D:12)
  7 ugly things
  A manticore (D:11)
  3 cyclopes
  Maurice (D:11)
  3 gargoyles
  5 unseen horrors
  An orange demon (D:8)
  Maggie (D:8)
  2 komodo dragons (D:8)
  An efreet (D:9)
  A hornet (D:8)
  7 trolls
  A polar bear (D:11)
  A meliai (D:9)
  5 yaks
  2 shadows
  2 vampires
  4 wraiths
  2 wyverns (D:10)
  3 basilisks (D:8)
  10 vampire mosquitoes
  6 acid dragons
  2 hell hounds (D:13)
  A water moccasin (D:7)
  Duvessa (D:5)
  4 orc warriors
  3 ice beasts
  3 sky beasts
  A swamp drake (D:8)
  2 ogres
  8 centaurs
  3 phantoms
  5 kobold brigands
  A bullfrog (D:9)
  2 scorpions
  8 wights
  Dowan (D:5)
  9 killer bees (D:8)
  3 jellies
  4 hounds
  5 orc priests
  Jessica (D:2)
  7 iguanas
  9 orc wizards
  Terence (D:2)
  Robin (D:2)
  4 gnolls (D:5)
  2 adders
  3 white imps
  2 ufetubi (D:11)
  2 worms
  2 dart slugs
  14 orcs
  8 ball pythons
  5 endoplasms
  3 giant cockroaches
  12 goblins
  10 hobgoblins
  3 jackals (D:5)
  3 quokkas
  3 bats
  5 frilled lizards
  26 kobolds
  5 rats
287 creatures vanquished.

Vanquished Creatures (others)
  An orc wizard (D:12)
1 creature vanquished.

Grand Total: 288 creatures vanquished

Notes
Turn   | Place    | Note
-------+----------+-------------------------------------------
     0 | D:1      | b0ghi the Minotaur Fighter began the quest for the Orb.
     0 | D:1      | Reached XP level 1. HP: 19/19 MP: 0/0
   206 | D:1      | Reached XP level 2. HP: 27/27 MP: 1/1
   272 | D:1      | Found Coyca's Distillery.
   528 | D:1      | Reached skill level 4 in Fighting
  1073 | D:2      | Noticed Jessica
  1079 | D:2      | Killed Jessica
  1080 | D:2      | Reached XP level 3. HP: 34/34 MP: 2/2
  1113 | D:2      | Found Doolacs's Distillery.
  1350 | D:2      | Noticed Robin
  1356 | D:2      | Killed Robin
  1357 | D:2      | Reached XP level 4. HP: 41/41 MP: 3/3
  1438 | D:2      | Noticed Terence
  1443 | D:2      | Killed Terence
  1640 | D:3      | Found a faded altar of an unknown god.
  1740 | D:3      | Reached XP level 5. HP: 36/47 MP: 4/4
  1743 | D:3      | Reached skill level 5 in Fighting
  2849 | D:4      | Noticed a phantom
  2862 | D:4      | Killed a phantom
  2863 | D:4      | Reached skill level 5 in Maces & Flails
  2863 | D:4      | Reached XP level 6. HP: 48/57 MP: 3/5
  2896 | D:4      | Found a stormy altar of Qazlal.
  3168 | D:5      | Entered Level 5 of the Dungeon
  3173 | D:5      | Reached skill level 6 in Fighting
  3355 | D:5      | Reached skill level 5 in Armour
  3367 | D:5      | Reached skill level 5 in Shields
  3511 | D:5      | Reached XP level 7. HP: 42/63 MP: 4/6
  3737 | D:5      | Found a bloodstained altar of Trog.
  3862 | D:5      | Noticed Dowan
  3863 | D:5      | Noticed Duvessa
  3869 | D:5      | Killed Duvessa
  3874 | D:5      | Killed Dowan
  4156 | D:5      | Reached skill level 7 in Fighting
  4629 | D:6      | Found a shimmering altar of Xom.
  4655 | D:6      | Reached XP level 8. HP: 36/73 MP: 4/7
  4867 | D:6      | Reached skill level 8 in Fighting
  5117 | D:6      | Found a staircase to the Ecumenical Temple.
  5123 | Temple   | Entered the Ecumenical Temple
  5123 | Temple   | Found a transporter.
  5123 | Temple   | Found a transporter.
  5125 | Temple   | Found a transporter.
  5125 | Temple   | Found a transporter.
  5174 | Temple   | Became a worshipper of Warmaster Okawaru
  5344 | D:7      | Found a runed translucent door.
  5349 | D:7      | Noticed Engwar's ghost (novice TrFi)
  6023 | D:7      | Killed Engwar's ghost
  6023 | D:7      | Reached * piety under Okawaru
  6024 | D:7      | Reached skill level 9 in Fighting
  6024 | D:7      | Reached XP level 9. HP: 61/84 MP: 5/8
  6160 | D:8      | Noticed Amaemon
  6164 | D:8      | Noticed an orange demon
  6180 | D:8      | Reached ** piety under Okawaru
  6197 | D:8      | Killed Amaemon
  6198 | D:8      | Reached skill level 10 in Fighting
  6198 | D:8      | Reached skill level 10 in Maces & Flails
  6211 | D:8      | Killed an orange demon
  6214 | D:8      | HP: 6/129 [poisoned by an orange demon]
  6448 | D:8      | Reached XP level 10. HP: 85/94 MP: 7/9
  6983 | D:8      | Noticed Maggie
  7000 | D:8      | Killed Maggie
  7000 | D:8      | Reached *** piety under Okawaru
  7241 | D:8      | Reached skill level 11 in Fighting
  7253 | D:8      | Paralysed by a hornet for 1 turns
  7508 | D:8      | Identified the +12 falchion of the First Things {vorpal,
                  | Will+ rCorr Int+2}
  7529 | D:8      | Reached **** piety under Okawaru
  7613 | D:8      | Found a staircase to the Lair.
  7907 | D:9      | Received a gift from Okawaru
  8378 | D:9      | Reached skill level 12 in Fighting
  8591 | D:9      | Noticed a cyclops
  8608 | D:9      | Killed a cyclops
  8827 | D:9      | Noticed a centaur warrior
  8832 | D:9      | Killed a centaur warrior
  8833 | D:9      | Reached XP level 11. HP: 89/105 MP: 8/10
  8903 | D:9      | Noticed a fire crab
  8910 | D:9      | Killed a fire crab
  8910 | D:9      | Reached ***** piety under Okawaru
  8920 | D:9      | Identified the +1 ring mail of Sin {*Slow Int+9}
  8995 | D:9      | Noticed a two-headed ogre
  9001 | D:9      | Killed a two-headed ogre
  9001 | D:9      | Identified the +3 morningstar of Death {freeze, *Corrode
                  | Will++ MP+9 Int+4} (Okawaru gifted it to you on level 9 of
                  | the Dungeon)
  9001 | D:9      | Received a gift from Okawaru
  9213 | D:9      | Noticed a red ugly thing
  9229 | D:9      | Killed a red ugly thing
  9718 | D:10     | Entered Level 10 of the Dungeon
  9738 | D:9      | Reached skill level 13 in Fighting
  9800 | D:10     | Noticed a two-headed ogre
  9800 | D:10     | Noticed a two-headed ogre
  9814 | D:10     | Killed a two-headed ogre
  9825 | D:10     | Killed a two-headed ogre
  9899 | D:10     | Noticed a five-headed hydra
  9909 | D:10     | Killed a five-headed hydra
  9910 | D:10     | Reached skill level 10 in Armour
 10227 | D:10     | Reached skill level 10 in Shields
 10255 | D:10     | Noticed a two-headed ogre
 10258 | D:10     | Identified the +3 chain mail of Tempters {*Slow rC+ Str+5}
                  | (Okawaru gifted it to you on level 10 of the Dungeon)
 10258 | D:10     | Received a gift from Okawaru
 10258 | D:10     | Noticed a two-headed ogre
 10338 | D:9      | Killed a two-headed ogre
 10460 | D:9      | Killed a two-headed ogre
 10461 | D:9      | Reached skill level 14 in Fighting
 10461 | D:9      | Reached XP level 12. HP: 18/117 MP: 2/11
 10777 | D:10     | Noticed a boulder beetle
 10811 | D:10     | Killed a boulder beetle
 10886 | D:10     | Noticed a two-headed ogre
 10893 | D:10     | Killed a two-headed ogre
 11687 | D:11     | Noticed a two-headed ogre
 11695 | D:11     | Killed a two-headed ogre
 11918 | D:11     | Reached ****** piety under Okawaru
 12061 | D:11     | Found a flickering gateway to a bazaar.
 12066 | Bazaar   | Entered a bazaar
 12071 | Bazaar   | Found Ibuanlefim's Armour Emporium.
 12081 | Bazaar   | Found Ankurex's General Store.
 12109 | Bazaar   | Found Iliam's Jewellery Shoppe.
 12112 | Bazaar   | Found Caixzuoru's Distillery.
 12153 | Bazaar   | Bought the +8 chain mail of a Hundred Ziggurats {MP+9 Str+4
                  | Int+2} for 747 gold pieces
 12526 | D:11     | Reached skill level 15 in Fighting
 12703 | D:11     | Noticed Maurice
 12716 | D:11     | Killed Maurice
 12796 | D:12     | Identified the +1 ring mail of Generosity {rC++} (Okawaru
                  | gifted it to you on level 12 of the Dungeon)
 12796 | D:12     | Received a gift from Okawaru
 12820 | D:12     | Reached skill level 15 in Maces & Flails
 13066 | D:12     | Found a staircase to the Orcish Mines.
 13075 | D:12     | Noticed a boulder beetle
 13092 | D:12     | Killed a boulder beetle
 13521 | D:12     | Noticed a two-headed ogre
 13531 | D:12     | Killed a two-headed ogre
 13684 | D:13     | Noticed a centaur warrior
 13684 | D:13     | Found a huge runed gate.
 13684 | D:13     | Found a huge runed gate.
 13684 | D:13     | Found a huge runed gate.
 13684 | D:13     | Found a huge runed gate.
 13684 | D:13     | Found a huge runed gate.
 13684 | D:13     | Found a huge runed gate.
 13684 | D:13     | Found a huge runed gate.
 13684 | D:13     | Found a huge runed gate.
 13685 | D:13     | Found a huge runed gate.
 13686 | D:13     | Found a huge runed gate.
 13693 | D:13     | Killed a centaur warrior
 13720 | D:13     | Found a huge runed gate.
 13720 | D:13     | Found a huge runed gate.
 13720 | D:13     | Found a huge runed gate.
 13720 | D:13     | Found a huge runed gate.
 13720 | D:13     | Found a huge runed gate.
 13720 | D:13     | Found a huge runed gate.
 13721 | D:13     | Found a huge runed gate.
 13722 | D:13     | Found a huge runed gate.
 13723 | D:13     | Found a huge runed gate.
 13787 | D:13     | Reached XP level 13. HP: 106/127 MP: 12/12
 13809 | D:13     | Found a huge runed gate.
 13843 | D:13     | Found a huge runed gate.
 13843 | D:13     | Found a huge runed gate.
 13843 | D:13     | Found a huge runed gate.
 13843 | D:13     | Found a huge runed gate.
 13843 | D:13     | Found a huge runed gate.
 13845 | D:13     | Found a huge runed gate.
 13846 | D:13     | Found a huge runed gate.
 13848 | D:13     | Found a huge runed gate.
 14116 | D:13     | Found a huge runed gate.
 14116 | D:13     | Found a huge runed gate.
 14117 | D:13     | Found a huge runed gate.
 14118 | D:13     | Found a huge runed gate.
 14119 | D:13     | Found a huge runed gate.
 14120 | D:13     | Found a huge runed gate.
 14121 | D:13     | Found a huge runed gate.
 14122 | D:13     | Found a huge runed gate.
 14491 | D:13     | Noticed a hellephant
 14517 | D:13     | Reached skill level 16 in Fighting
 14537 | D:13     | Killed from afar by a hellephant

Illustrated notes

Levels and vault maps discovered:
D:1:      dpeg_arrival_rhombus, layout_loops_corners, serial_shops,
          nicolae_shop_waterfront
D:2:      layout_basic, serial_shops, nicolae_shop_hallway_plus, uniq_jessica,
          uniq_terence, uniq_robin
D:3:      layout_loops_ring, basic_ecumenical_altar, minmay_misc_feat_enclosed,
          glass_columns_b, minmay_liquid_box
D:4:      layout_basic, nicolae_qazlal_eye_of_the_storm
D:5:      layout_layer_cave, lightli_temple_of_fire, uniq_duvessa
D:6:      layout_rooms, mainiacjoe_overflow_cross_hatched,
          minmay_temple_entry_enclosed_plants
D:7:      layout_basic, hellmonk_ghost_happy_afterlife, amcnicky_mini_pool_small
D:8:      layout_basic, erik_lair_dragon, uniq_maggie, uniq_amaemon
D:9:      layout_loops_ring, minmay_evil_grid
D:10:     cheibrodos_ideogram_h, layout_rooms
D:11:     layout_rooms, serial_shops, bzr_entry_road, serial_ice, serial_ice_c,
          serial_ice_f, serial_ice_g, serial_ice_a, uniq_maurice
D:12:     layout_roguey, orc_0_dummy
D:13:     layout_roguey, not_door_vault_due
Temple:   hellmonk_temple_divided_pantheon

Skill      XL: |  1  2  3  4  5  6  7  8  9 10 11 12 13 |
---------------+----------------------------------------+-----
Fighting       | 4 5 6 7 9 10 12 14 15 16 | 16.0
Maces & Flails | 3 4 5 6 9 10 12 13 15 | 15.8
Armour         | 4 5 7 8 9 10 11 | 11.8
Shields        | 4 5 7 9 10 11 | 11.7

Action                   |  1- 3 |  4- 6 |  7- 9 | 10-12 | 13-15 || total
-------------------------+-------+-------+-------+-------+-------++-------
Melee: Flail             |    75 |   135 |   218 |       |       ||   428
       Headbutt          |    15 |    32 |    40 |   117 |    20 ||   224
       Demon whip        |       |       |       |   564 |    67 ||   631
Throw: Javelin           |       |       |       |     1 |       ||     1
  Use: Potion            |       |       |    13 |     1 |     1 ||    15
       Scroll            |       |       |     5 |     6 |     5 ||    16
Armor: Scale mail        |    11 |       |       |       |       ||    11
       Chain mail        |    31 |    59 |       |   105 |    73 ||   268
       Plate armour      |       |    11 |   169 |   106 |       ||   286
Dodge: Dodged            |    32 |    43 |    73 |   118 |    13 ||   279
Block: Buckler           |    16 |    20 |    61 |   116 |    18 ||   231

Table legend: (Time is in decaauts)
 A = Elapsed time spent in this place.
 B = Non-inter-level travel time spent in this place.
 C = Inter-level travel time spent in this place.
 D = Time resting spent in this place.
 E = Time spent auto-exploring this place.
 F = Levels seen in this place.
 G = Mean time per level.
                   A        B        C        D        E       F      G
               +--------+--------+--------+--------+--------+-----+--------+
         Total |  14358 |  14014 |    344 |   2494 |   8849 |  15 |  957.2 |
       Dungeon |  14007 |  13663 |    344 |   2342 |   8790 |  13 | 1077.5 |
        Temple |     72 |     72 |      0 |      0 |      6 |   1 |   72.0 |
        Bazaar |    278 |    278 |      0 |    152 |     53 |   1 |  278.0 |
               +--------+--------+--------+--------+--------+-----+--------+

Top non-repeatable levels by time:
     D:9: 2590 daAuts
     D:8: 1697 daAuts
     D:5: 1384 daAuts
    D:10: 961 daAuts
    D:11: 931 daAuts
     D:1: 915 daAuts
    D:12: 891 daAuts
     D:7: 860 daAuts
     D:3: 839 daAuts
    D:13: 815 daAuts
     D:4: 797 daAuts
     D:2: 665 daAuts
     D:6: 658 daAuts
  Bazaar: 278 daAuts
  Temple: 72 daAuts
